 Dungeon Crawl Stone Soup version 0.28-b1-25-g9875b3fc8c (webtiles) character file.

Game seed: 15594108974897913275

151764 wakim the Slayer (level 17, -1/182 HPs)
             Began as a Minotaur Berserker on Feb 6, 2022.
             Was a High Priest of Trog.
             Slain by a meliai (6 damage)
             ... on level 3 of the Spider Nest.
             The game lasted 02:04:30 (29319 turns).

wakim the Slayer (Minotaur Berserker)              Turns: 29319, Time: 02:04:30

Health: -1/182     AC: 35    Str: 25    XL:     17   Next: 1%
Magic:  16/16      EV: 10    Int:  4    God:    Trog [*****.]
Gold:   1924       SH:  0    Dex: 15    Spells: 16/16 levels left

rFire   + . .      SeeInvis +   a - +6 great mace (freeze)
rCold   . . .      Faith    .   (shield currently unavailable)
rNeg    + . .      Spirit   .   j - +9 plate armour "Leyxkarr" {rF+}
rPois   +          Reflect  .   (helmet restricted)
rElec   +          Harm     .   V - +2 cloak {Will+}
rCorr   +          Rampage  .   e - +2 pair of gloves "Ganoheq" {+Blink rPois}
Will    +++..                   Q - +2 pair of boots {Stlth+}
Stlth   ..........              n - amulet of regeneration
HPRegen 1.20/turn               q - ring "Rach" {Will+ SInv}
MPRegen 0.15/turn               p - ring of Goq Lara {rElec rPois rN+ rCorr}

@: no status effects
A: horns 2, retaliatory headbutt
a: Renounce Religion, Evoke Blink, Berserk, Trog's Hand, Brothers in Arms


You were on level 3 of the Spider Nest.
You worshipped Trog.
Trog was extremely pleased with you.
You visited 5 branches of the dungeon, and saw 27 of its levels.
You also visited: Bailey, Gauntlet and Volcano.

You collected 4361 gold pieces.
You spent 2437 gold pieces at shops.

Inventory:

Hand Weapons
 a - a +6 great mace of freezing (weapon)
 b - a +1 morningstar of electrocution
 k - a +2 arbalest of flaming
Missiles
 c - 31 javelins
 h - 6 boomerangs of dispersal {=f!f}
 i - 8 curare-tipped darts {=f}
 s - 75 stones (quivered)
 x - 4 silver javelins
 D - 11 boomerangs
 P - 18 poisoned darts
Armour
 e - the +2 pair of gloves "Ganoheq" (worn) {+Blink rPois}
   (You found it in a Gauntlet)

   rPois:     It protects you from poison.
   +Blink:    It lets you blink.
 f - a +2 plate armour of cold resistance
 j - the +9 plate armour "Leyxkarr" (worn) {rF+}
   (You bought it in a shop on level 2 of the Dungeon)

   rF:        It protects you from fire.
 Q - a +2 pair of boots of stealth (worn)
 V - a +2 cloak of willpower (worn)
Jewellery
 d - the ring of Cokorar {Fly rElec rPois Will+ Int-3}
   (You found it in a Gauntlet)

   [ring of willpower]

   Int:       It affects your intelligence (-3).
   rElec:     It insulates you from electricity.
   rPois:     It protects you from poison.
   Fly:       It grants you flight.
   Will:      It increases your willpower.
 g - the ring "Icvua" {Fire rElec Str+3 Dex+3}
   (You found it on level 2 of the Lair of Beasts)

   [ring of fire]

   It enhances your fire magic.
   Str:       It affects your strength (+3).
   Dex:       It affects your dexterity (+3).
   rF:        It protects you from fire.
   rC:        It makes you vulnerable to cold.
   rElec:     It insulates you from electricity.
 n - an amulet of regeneration (around neck)
 p - the ring of Goq Lara (right hand) {rElec rPois rN+ rCorr}
   (You bought it in a shop on level 8 of the Dungeon)

   [ring of resist corrosion]

   rElec:     It insulates you from electricity.
   rPois:     It protects you from poison.
   rN:        It protects you from negative energy.
   rCorr:     It protects you from acid and corrosion.
 q - the ring "Rach" (left hand) {Will+ SInv}
   (You acquired it on level 6 of the Lair of Beasts)

   [ring of see invisible]

   SInv:      It lets you see invisible.
   Will:      It increases your willpower.
 O - a +4 ring of slaying
 S - a ring of protection from cold
Wands
 m - a wand of iceblast (3)
 t - a wand of digging (14)
 u - a wand of mindburst (5)
 w - a wand of acid (18)
 y - a wand of paralysis (4)
Scrolls
 R - 3 scrolls of magic mapping {!r}
 T - 11 scrolls of teleportation
 U - 4 scrolls of fear
 W - a scroll of holy word
 X - 6 scrolls of fog
 Y - 4 scrolls of blinking {!r}
 Z - a scroll of silence {!r}
Potions
 A - 6 potions of ambrosia
 B - a potion of attraction {!q}
 C - a potion of berserk rage {!q}
 E - 2 potions of cancellation
 F - 12 potions of curing
 G - 3 potions of flight
 H - 5 potions of haste
 I - a potion of invisibility
 J - 8 potions of heal wounds
 K - a potion of magic
 L - 6 potions of lignification {!q}
 N - 7 potions of might
Miscellaneous
 l - a condenser vane
 o - a piece from Xom's chessboard (15/15)
 z - a box of beasts


   Skills:
 + Level 24.0 Fighting
 - Level 20.0 Maces & Flails
 - Level 12.0 Throwing
 - Level 12.0 Armour
 - Level 6.0 Dodging
 - Level 4.0 Evocations


You had 16 spell levels left.
You didn't know any spells.
Your spell library contained the following spells:

 Spells                   Type           Power      Damage    Failure   Level
 Dispersal                Tloc           0%         N/A       100%        6
 Disjunction              Tloc           0%         N/A       100%        8


Dungeon Overview and Level Annotations

Branches:
Dungeon (15/15)            Temple (1/1) D:5            Lair (6/6) D:10
 Shoals (0/4) Lair:4       Spider (3/4) Lair:3        Slime (0/5) Lair:5
    Orc (2/2) D:10            Elf (0/3) Orc:2        Vaults (0/5) D:13
 Depths (0/4) D:15         Bailey (visited)         Volcano (visited)
Gauntlet (visited)

Altars:
Ashenzari
Cheibriados
Dithmenos
Elyvilon
Fedhas
Gozag
Makhleb
Nemelex Xobeh
Okawaru
Qazlal
Ru
Trog
Xom
Yredelemnul
The Shining One
Jiyva

Shops:
D:2 [   D:3 ?   D:7 :   D:8 =   D:11 ?   D:13 (   D:15 !   Orc:2 !:?[

Annotations:
Lair:1 3 runed translucent doors, Ceckukk's ghost, journeyman GrEE


Innate Abilities, Weirdness & Mutations

You have a pair of horns on your head.
You reflexively headbutt those who attack you in melee.


Message History

You hear an angry hiss.
The demonic crawler shrieks in warning!
You hear an angry hiss.
As you read the scroll of teleportation, it crumbles to dust.
You feel strangely unstable.
The demonic crawler shrieks in warning!
The emperor scorpion closely misses you.
The emperor scorpion claws you but does no damage.
The emperor scorpion closely misses you.
You hear an angry buzzing noise.
The emperor scorpion stings you but does no damage.
The emperor scorpion claws you.
* * * LOW HITPOINT WARNING * * *
The emperor scorpion closely misses you.
The demonic crawler shrieks in warning!
You hear an angry hiss. x2
Okay, then.
Really read
Y - 5 scrolls of blinking {!r}?
Blink to where?
Press: ? - help, Dir - move target
As you read the scroll of blinking {!r}, it crumbles to dust.
You hear an angry hiss. x2
You hear an angry hiss.
Your surroundings suddenly seem different.
A meliai comes into view. It is wielding a +1 vorpal broad axe.
You hear an angry hiss. x3
The meliai closely misses you. The meliai misses you.
The meliai barely misses you. You furiously retaliate!
You headbutt the meliai. The meliai closely misses you.
You hit the meliai. You freeze the meliai.
The meliai is moderately wounded.
The meliai mumbles some strange prayers to its god against you.
Something smites you!
* * * LOW HITPOINT WARNING * * *
You hear an angry hiss.
You completely miss the meliai. Your headbutt misses the meliai.
The meliai is moderately wounded.
You hear an angry hiss.
The meliai closely misses you. The meliai stings you.
You die...

.?# ... ..# #.[
#####.### ### ##..
...#....#.##..##..#
.....<.^....
.....##
...[...^..^# #...^#
####°.###### #
#^..# ○..#
###.#...# ....#
#...y@..# s#...#
#.#.##..# ####^.. #
#### #.... ##...


You could see a meliai.

Vanquished Creatures
  Jorgrun (D:15)
  Rupert (D:13)
  Kirke (Lair:4)
  An emperor scorpion (Spider:3)
  2 ghost moths
  A broodmother (Spider:3)
  3 entropy weavers
  A red draconian (Volcano)
  A minotaur (Gauntlet)
  A spark wasp (Spider:3)
  A dire elephant (Lair:3)
  Snorg (Orc:1)
  An ettin (Orc:1)
  A fire dragon (D:15)
  Fannar (Lair:2)
  An ice dragon (D:15)
  5 vault guards (D:13)
  14 hydras
  4 boulder beetles
  4 catoblepae
  5 centaur warriors
  A rakshasa (D:13)
  4 ogre magi (Orc:2)
  14 two-headed ogres
  9 death yaks
  A tengu warrior (D:10)
  A hell hog (Gauntlet)
  An orc high priest (Orc:1)
  Urug (Lair:5)
  Sonja (Orc:1)
  A sun moth (Spider:2)
  A steelbarb worm (Spider:1)
  4 pharaoh ants
  2 wizards (D:13)
  A lindwurm (Lair:6)
  A deep elf pyromancer (D:15)
  Pikel (D:8)
  11 wolf spiders
  An orc knight (Orc:2)
  31 ugly things
  3 cyclopes
  3 oklob plants
  19 elephants
  5 manticores
  A guardian serpent (Lair:6)
  12 black mambas
  A moth of wrath (Spider:3)
  Joseph (D:8)
  2 molten gargoyles (Volcano)
  A guardian serpent (shapeshifter) (D:12)
  5 torpor snails
  4 gargoyles
  19 cane toads
  An unseen horror (D:11)
  An efreet (D:14)
  2 yaktaurs (Volcano)
  2 demonic crawlers
  4 rime drakes
  7 komodo dragons
  A tengu conjurer (D:10)
  A freezing wraith (D:15)
  3 trolls
  A queen bee (Spider:1)
  A merfolk (Lair:4)
  10 meliai
  A polar bear (Lair:1)
  2 hornets (Lair:6)
  A wolf spider simulacrum (D:14)
  10 tarantellas
  12 slime creatures
  12 blink frogs
  2 dream sheep (Lair:6)
  15 culicivoras
  11 jumping spiders
  2 centaur simulacra (Gauntlet)
  13 wyverns
  A wraith (D:11)
  A yak (shapeshifter) (D:15)
  6 hogs
  2 humans
  4 fire bats
  51 yaks
  2 steam dragons
  10 basilisks
  15 redbacks
  4 wargs
  3 acid dragons
  23 water moccasins
  3 hell hounds (Gauntlet)
  A meliai simulacrum (Gauntlet)
  Pargi (D:3)
  22 orc warriors
  2 necrophages (D:6)
  28 ogres
  26 centaurs
  11 wolves
  3 lemures (D:8)
  A phantom (D:4)
  4 kobold brigands
  8 bullfrogs
  A scorpion (D:5)
  A hornet simulacrum (Gauntlet)
  3 water moccasin zombies
  3 wights (D:8)
  27 killer bees
  6 electric eels
  7 howler monkeys
  4 centaur zombies
  6 lava snakes (Volcano)
  2 bullfrog zombies (D:5)
  3 jellies
  A centaur skeleton (D:5)
  2 gnoll shamans (D:8)
  13 orc priests
  A bullfrog skeleton (D:5)
  2 hounds
  Crazy Yiuf (D:2)
  Jessica (D:2)
  18 orc wizards
  5 iguanas
  A hound zombie (D:5)
  A hound skeleton (D:4)
  Robin (D:2)
  13 gnolls
  10 adders
  2 white imps (D:6)
  An ufetubus (D:6)
  An adder skeleton (D:5)
  An adder zombie (D:5)
  2 worms
  3 dart slugs
  71 orcs
  2 ball pythons
  12 endoplasms
  6 giant cockroaches
  14 goblins
  12 hobgoblins
  2 quokkas
  4 bats
  3 frilled lizards
  20 kobolds
  8 rats
  A bush (D:10)
859 creatures vanquished.

Vanquished Creatures (others)
  30 fungi
  72 plants
102 creatures vanquished.

Grand Total: 961 creatures vanquished

Notes
Turn   | Place    | Note
-------+----------+-------------------------------------------
     0 | D:1      | wakim the Minotaur Berserker began the quest for the Orb.
     0 | D:1      | Reached XP level 1. HP: 19/19 MP: 0/0
   204 | D:1      | Found a faded altar of an unknown god.
   218 | D:1      | !bestwep
   298 | D:1      | Reached XP level 2. HP: 27/27 MP: 1/1
   305 | D:1      | Reached skill level 4 in Fighting
   447 | D:1      | Reached XP level 3. HP: 33/33 MP: 2/2
   690 | D:2      | Found a sparkling altar of Nemelex Xobeh.
   693 | D:2      | Reached ** piety under Trog
   727 | D:2      | Noticed Jessica
   753 | D:2      | Killed Jessica
   754 | D:2      | Reached XP level 4. HP: 41/41 MP: 3/3
   806 | D:2      | Noticed Robin
   822 | D:2      | Killed Robin
  1320 | D:2      | Found Buchoiso's Antique Armour Emporium.
  2180 | D:3      | Found Guzipus's Magic Scroll Shop.
  2184 | D:3      | Noticed Pargi
  2242 | D:2      | Reached skill level 5 in Maces & Flails
  2242 | D:2      | Reached XP level 5. HP: 33/47 MP: 4/4
  2282 | D:2      | Reached skill level 5 in Fighting
  2305 | D:3      | Reached *** piety under Trog
  2349 | D:3      | Reached skill level 1 in Throwing
  2349 | D:3      | Reached skill level 1 in Evocations
  2426 | D:3      | Bought a scroll of identify for 28 gold pieces
  2467 | D:3      | Reached XP level 6. HP: 56/56 MP: 5/5
  2522 | D:3      | Found an opulent altar of Gozag.
  2555 | D:3      | Killed Pargi
  3162 | D:4      | Reached XP level 7. HP: 62/62 MP: 6/6
  3524 | D:4      | Reached skill level 6 in Fighting
  3785 | D:2      | Found a runed translucent door.
  3786 | D:2      | Noticed Crazy Yiuf
  3851 | D:2      | Killed Crazy Yiuf
  3946 | D:5      | Entered Level 5 of the Dungeon
  4210 | D:5      | Reached **** piety under Trog
  4219 | D:5      | !bestwep
  4312 | D:5      | Reached XP level 8. HP: 71/71 MP: 7/7
  4341 | D:5      | Found a glowing golden altar of the Shining One.
  4441 | D:5      | Found a staircase to the Ecumenical Temple.
  4462 | Temple   | Entered the Ecumenical Temple
  4862 | D:2      | Bought a pair of glowing boots for 172 gold pieces
  5056 | D:6      | Reached skill level 7 in Fighting
  5460 | D:6      | Reached skill level 10 in Maces & Flails
  5935 | D:7      | Found a basalt altar of Yredelemnul.
  5957 | D:7      | Found a sacrificial altar of Ru.
  5959 | D:7      | Reached skill level 8 in Fighting
  5959 | D:7      | Reached XP level 9. HP: 81/81 MP: 8/8
  6127 | D:7      | Found a snail-covered altar of Cheibriados.
  6320 | D:7      | Found Yryiwois's Book Emporium.
  6816 | D:8      | !bestwep
  6904 | D:8      | Found Wiptelashe's Jewellery Emporium.
  7057 | D:8      | Noticed Joseph
  7072 | D:8      | Killed Joseph
  7073 | D:8      | Reached skill level 9 in Fighting
  7161 | D:8      | Noticed Pikel
  7195 | D:8      | Killed Pikel
  7197 | D:8      | !bestwep
  7618 | D:8      | Found a white marble altar of Elyvilon.
  7877 | D:9      | Found a shimmering altar of Xom.
  7962 | D:9      | Reached skill level 5 in Armour
  7962 | D:9      | Reached XP level 10. HP: 63/91 MP: 9/9
  8221 | D:9      | Reached skill level 5 in Dodging
  8282 | D:9      | Found a stormy altar of Qazlal.
  8432 | D:10     | Entered Level 10 of the Dungeon
  8432 | D:10     | Found a flagged portal.
  8451 | Bailey   | Entered a bailey
  8498 | Bailey   | Reached ***** piety under Trog
  8992 | Bailey   | Reached skill level 10 in Fighting
  9636 | Bailey   | Identified the +0 robe "Vocsydoz" {Int+6}
  9873 | D:10     | Found a staircase to the Orcish Mines.
 10126 | D:10     | Found a burning altar of Makhleb.
 10127 | D:10     | Found an iron altar of Okawaru.
 10127 | D:10     | Found a broken altar of Ashenzari.
 10128 | D:10     | Found a bloodstained altar of Trog.
 10167 | D:10     | Reached XP level 11. HP: 96/101 MP: 10/10
 10174 | D:10     | Reached skill level 11 in Fighting
 10376 | D:10     | Found a blossoming altar of Fedhas.
 10389 | D:10     | Noticed a tengu warrior
 10401 | D:10     | Killed a tengu warrior
 10403 | D:10     | !bestwep
 10517 | D:10     | Reached skill level 15 in Maces & Flails
 10523 | D:10     | Found a staircase to the Lair.
 10749 | D:10     | Acquired 705 gold pieces
 10919 | D:3      | Bought a scroll of blinking for 105 gold pieces
 11065 | D:8      | Bought the ring of Goq Lara {rElec rPois rN+ rCorr} for 678
                  | gold pieces
 11068 | D:8      | !bestwep
 11069 | D:8      | !bestwep
 11140 | Lair:1   | Entered Level 1 of the Lair of Beasts
 11283 | Lair:1   | Noticed a six-headed hydra
 11289 | Lair:1   | Killed a six-headed hydra
 11290 | Lair:1   | Reached skill level 12 in Fighting
 11432 | Lair:1   | Found a runed translucent gate.
 11432 | Lair:1   | Found a runed translucent gate.
 11432 | Lair:1   | Found a runed translucent gate.
 11433 | Lair:1   | Noticed Ceckukk's ghost (journeyman GrEE)
 11693 | Lair:1   | Identified the +7 plate armour of the Land of Plenty {rElec
                  | rF- Str+7}
 12004 | Lair:2   | Reached skill level 5 in Throwing
 12021 | Lair:2   | Reached skill level 13 in Fighting
 12067 | Lair:2   | Found a dark tunnel.
 12086 | Volcano  | Entered a volcano
 12142 | Volcano  | Reached XP level 12. HP: 108/115 MP: 11/11
 12332 | Volcano  | Received a gift from Trog
 12391 | Volcano  | Found a burning altar of Makhleb.
 12391 | Volcano  | Noticed a centaur warrior
 12400 | Volcano  | Killed a centaur warrior
 12466 | Volcano  | Noticed a red draconian
 12476 | Volcano  | Killed a red draconian
 12635 | Lair:2   | Identified the ring "Icvua" {Fire rElec Str+3 Dex+3}
 12697 | Lair:2   | Found a broken altar of Ashenzari.
 12763 | Lair:2   | Reached skill level 14 in Fighting
 12789 | Lair:2   | Noticed Fannar
 12801 | Lair:2   | Killed Fannar
 13108 | D:2      | Bought a shimmering plate armour for 644 gold pieces
 13108 | D:2      | Identified the +9 plate armour "Leyxkarr" {rF+} (You bought
                  | it in a shop on level 2 of the Dungeon)
 13999 | Lair:3   | Noticed a dire elephant
 14009 | Lair:3   | Killed a dire elephant
 14020 | Lair:3   | Noticed an eight-headed hydra
 14026 | Lair:3   | Reached skill level 15 in Fighting
 14080 | Lair:3   | Killed an eight-headed hydra
 14161 | Lair:3   | !bestwep
 14210 | Lair:3   | Found a hole to the Spider Nest.
 14401 | Lair:3   | Identified the +1 leather armour of the Game of Life {rCorr
                  | Stlth+}
 14456 | Lair:3   | Noticed a five-headed hydra
 14464 | Lair:3   | Reached XP level 13. HP: 113/127 MP: 12/12
 14501 | Lair:3   | Reached skill level 16 in Fighting
 14527 | Lair:3   | Identified the +8 hand axe of the Jester {pain, rC+ rN++
                  | Str+7 Stlth-}
 15139 | Lair:4   | Noticed Kirke
 15155 | Lair:4   | Killed Kirke
 15530 | Lair:4   | Reached skill level 10 in Armour
 15561 | Lair:4   | Reached skill level 17 in Fighting
 16350 | Lair:4   | Found a staircase to the Shoals.
 16565 | Lair:5   | Noticed Urug
 16580 | Lair:5   | Killed Urug
 16630 | Lair:5   | Found a viscous altar of Jiyva.
 16630 | Lair:5   | Found a staircase to the Slime Pits.
 16734 | Lair:5   | Reached skill level 18 in Fighting
 17022 | Lair:5   | Reached XP level 14. HP: 103/143 MP: 13/13
 17251 | Lair:6   | Entered Level 6 of the Lair of Beasts
 17841 | Lair:6   | Acquired the ring "Rach" {Will+ SInv}
 17876 | Lair:6   | Reached skill level 10 in Throwing
 17912 | Lair:6   | Identified the +2 robe of Gehenna {Slay+3}
 18080 | Lair:6   | Received a gift from Trog
 18160 | Lair:6   | Reached skill level 19 in Fighting
 18161 | Lair:6   | !bestwep
 18968 | Orc:1    | Entered Level 1 of the Orcish Mines
 18979 | Orc:1    | Noticed Sonja
 18988 | Orc:1    | Killed Sonja
 19047 | Orc:1    | Reached skill level 20 in Fighting
 19109 | Orc:1    | Noticed Snorg
 19114 | Orc:1    | Killed Snorg
 19250 | Orc:2    | Entered Level 2 of the Orcish Mines
 19303 | Orc:2    | Received a gift from Trog
 19336 | Orc:2    | Reached XP level 15. HP: 122/155 MP: 14/14
 19438 | Orc:2    | Found Keiluola's Book Shop.
 19438 | Orc:2    | Found Ziabritt's Antique Armour Shoppe.
 19438 | Orc:2    | Found Naseuv's Distillery.
 19438 | Orc:2    | Found Essoy's Magic Scroll Shop.
 19500 | Orc:2    | Bought a scroll of blinking for 112 gold pieces
 19625 | Orc:2    | Found a staircase to the Elven Halls.
 19781 | Orc:2    | Reached skill level 21 in Fighting
 20377 | Orc:1    | Received a gift from Trog
 20845 | D:11     | Found Pewka's Magic Scroll Boutique.
 20857 | D:11     | Bought a scroll of magic mapping for 52 gold pieces
 20857 | D:11     | Bought a scroll of teleportation for 45 gold pieces
 20865 | D:11     | !bestwep
 21750 | D:12     | Identified the +4 long sword of Hepliaklqana's Hatred
                  | {drain, Will+ Int-2 Dex+4}
 21821 | D:12     | !bestwep
 22520 | D:13     | Noticed Rupert
 22521 | D:13     | Paralysed by Rupert for 4 turns
 22536 | D:13     | Killed Rupert
 22556 | D:13     | Found Exzogep's Antique Weapon Boutique.
 23229 | D:13     | !bestwep
 23230 | D:13     | !bestwep
 23349 | D:11     | Bought a scroll of enchant weapon for 112 gold pieces
 23349 | D:11     | Bought a scroll of enchant weapon for 112 gold pieces
 23428 | D:14     | Found a gate leading to a gauntlet.
 23574 | Gauntlet | Entered a Gauntlet
 23574 | Gauntlet | Found a transporter.
 23583 | Gauntlet | Found a transporter.
 23598 | Gauntlet | Found a transporter.
 23603 | Gauntlet | Found a transporter.
 23618 | Gauntlet | Found a transporter.
 23637 | Gauntlet | Found a transporter.
 23680 | Gauntlet | Found a transporter.
 23688 | Gauntlet | Found a transporter.
 23688 | Gauntlet | Found a transporter.
 23711 | Gauntlet | Found a transporter.
 23723 | Gauntlet | Found a transporter.
 23728 | Gauntlet | Found a transporter.
 23728 | Gauntlet | Found a transporter.
 23730 | Gauntlet | Found a transporter.
 23753 | Gauntlet | Found a transporter.
 23758 | Gauntlet | Found a transporter.
 23807 | Gauntlet | Found a transporter.
 23837 | Gauntlet | Found a transporter.
 23956 | Gauntlet | Identified the ring of Cokorar {Fly rElec rPois Will+
                  | Int-3}
 24086 | Gauntlet | Identified the ring "Poof" {Wiz Slay+2}
 24151 | Gauntlet | Identified the -6 hat "Rualloyng" {+Inv}
 24156 | Gauntlet | Identified the +2 pair of gloves "Ganoheq" {+Blink rPois}
 24376 | D:13     | Found a gate to the Vaults.
 24540 | D:14     | Reached skill level 22 in Fighting
 24547 | D:14     | Reached XP level 16. HP: 114/169 MP: 15/15
 24695 | D:14     | Identified the +4 spear of Mutilation {vorpal, Int+6
                  | Stlth+}
 24734 | D:14     | !bestwep
 25295 | D:15     | Entered Level 15 of the Dungeon
 25412 | D:15     | Found a shadowy altar of Dithmenos.
 25433 | D:15     | !bestwep
 25487 | D:15     | Found Luhint's Distillery.
 25496 | D:15     | Bought 2 potions of heal wounds for 120 gold pieces
 25496 | D:15     | Bought a potion of cancellation for 96 gold pieces
 25680 | D:15     | Noticed Jorgrun
 25826 | D:15     | Received a gift from Trog
 25965 | D:15     | Killed Jorgrun
 26404 | D:3      | Bought a scroll of identify for 28 gold pieces
 26404 | D:3      | Bought a scroll of identify for 28 gold pieces
 26404 | D:3      | Bought a scroll of enchant weapon for 105 gold pieces
 26933 | D:15     | Found a staircase to the Depths.
 27167 | Spider:1 | Entered Level 1 of the Spider Nest
 27472 | Spider:1 | Identified the +9 quarterstaff of True Grit {vorpal, rF+
                  | Str-2 Dex+4}
 27766 | Spider:1 | Reached skill level 23 in Fighting
 28591 | Spider:2 | Reached ****** piety under Trog
 29028 | Spider:3 | Reached skill level 24 in Fighting
 29162 | Spider:3 | Reached XP level 17. HP: 182/182 MP: 16/16
 29308 | Spider:3 | HP: 6/182 [emperor scorpion (26)]
 29309 | Spider:3 | HP: 2/182 [poisoned by an emperor scorpion]
 29318 | Spider:3 | HP: 4/182 [meliai/divine providence (14)]
 29319 | Spider:3 | Slain by a meliai

Illustrated notes ############# #...........##### #...............# #.(....#....).# #..#...#.†....# #..#...#......#.# ####.............$.# #............@.....# #.........#..#...#..# #.........#..#._.# .. #.....###.#..#...# # #......†........... ###.#.####.......... #.#.# #.########## ..#.# #.# .###.# #.# Turn 218 on D:1: !bestwep ### ################.# <#...............# ##.#############.# #.# #.# #.# #@# #.# #)# #.# #.# ##.####### #)# .......... ..( .#.####### ##.#. .#........ #.#o. ...######. #.# .. .(.# #.. ... Turn 4219 on D:5: !bestwep #..# ## #..# . #..#.# #..#<# #....# ##.### #.# #.### #@#<# #.#.# #)#.# #?#.# #.#.# #...# #.### #....# ####.# Turn 6816 on D:8: !bestwep #.#...#.#.#.# #.......#.#.# #.#..##.#.#.#.# ..............# ###..#..###.#.# #..#..# #.#.# #§....# #.# # #.###.§#..###.# #...§@§#......# #...§§§§......# #.............# #.........##..# ....=............ ###....)....##.##.# #...####..# .# #... #... K. #... Turn 7197 on D:8: !bestwep . .. ....... .# ... ....... .# .... ...........# ..... ..........#.### ..... ........(.....# ..... ........P.PPP.#### ..... ......$.P.P.P..... .... ......#PP@PP .# #.....P.PP.. .# #......PP.....# .# #.............# .#########.)....#......# .......................# ...........}...........# ##..######.............# #..# #.............# Turn 10403 on D:10: !bestwep #.....(................ #####.......>.......#.# #####.#####..##...#.... #.....# ###..##.####.## #.###.# #.............. #.###'# #.#.#######.... #.##≈.# #.#.# #.#.. #.#≈≈.###.#.# #####.#.. #.'..∩@.'.#.# #.....#.. #####.≈≈#.#.###.##..#.. #.≈...............# #'#.........##..... #.#.#.#####....PP.P #...#.#######.PPP.. ###.......###.P.P.. #..####.##..P.... #..#..))[[....... Turn 11068 on D:8: !bestwep #.....(................ #####.......>.......#.# #####.#####..##...#.... #.....# ###..##.####.## #.###.# #.............. #.###'# #.#.#######.... #.##≈.# #.#.# #.#.. #.#≈≈.###.#.# #####.#.. #.'..∩@.'.#.# #.....#.. #####.≈≈#.#.###.##..#.. #.≈...............# #'#.........##..... #.#.#.#####....PP.P #...#.#######.PPP.. ###.......###.P.P.. #..####.##..P.... #..#..))[[....... Turn 11069 on D:8: !bestwep ♣#.........##...♣≈≈♣♣†≈..## .#.........##..≈♣....≈≈≈....# ♣#............≈≈....P.≈♣≈.... #...........♣≈♣.......P≈♣... ##..........≈≈≈.........≈≈♣.. .............≈P....).....♣... ............♣≈♣P.P..P...♣♣≈. .............♣P.....[...P♣ ............≈♣P.@.......≈♣ ††...........≈≈≈.......♣≈P. .†............[≈≈..P..≈≈≈.. .†.............P≈..P.P≈♣..# ............##..≈≈♣≈≈♣♣.... ..............#..≈P≈.P..... .........................# ........................ .............. Turn 14161 on Lair:3: !bestwep

##...#..#...##.....#.......##
.##..####).##....###........###
.(##..##..##...###..........#.##
#..######..†.###.............#.#
#####......###................##
..##..PP..##.............#....#
..##...P..##.............#.P#..#
#####....#####............######
#[.###PP###..###@.P.#......#
.....#SF#.##...#.#..#P#P...##
.##..#..#..##....########...##
##..##..##..##.....### #P....#
## #...#.S.
#...##....P.####...####. ...##
##...##......##....##P.. ...#
#....##......#....##..# ..##
##....##...##.......... ..#
#....###............##


Turn 18161 on Lair:6: !bestwep ########♣#### #.....♣.∩.♣.# ........♣.#.##
###.####.##....##### ...........^....@..### .##.###..###...##..<....
.......?.####.## ..##### .##.###...##.#.##..#### ###.# #.#...###.......#
#.###...##.#.######.# #...........## #####.####### #.# Turn 20865 on D:11:
!bestwep ##.# ###.# #+# #...# #.# #.... #.# ###.### ######.## #.....# ...##...##
#.###.# ##.#.....##########.# #.# #.. ................@YY.# #.###.#
.#[###.############## #.....# ...# ### ###..[. #### ##### Turn 21821 on D:12:
!bestwep ########+######## #..............)# #...............# #...............#
######### ##'####)#.####'## #.......< #...# #...# #...# #........ #...# #)).#
#@).# #........ ####...# #...# #...# ###........
..###..###')'###..#####.'........ ##.≈≈≈≈≈≈≈...≈≈≈≈≈≈≈.#..#......†.
#.≈≈≈≈≈≈≈.).≈≈≈≈≈≈≈...##........ ##.≈≈≈≈≈≈...≈≈≈≈≈≈.#####......).
##.≈≈≈≈.....≈≈≈≈.## ######### ##.............## #. #######.###....# ######' Turn
23229 on D:13: !bestwep ########+######## #..............)# #...............#
#...............# ######### ##'####)#.####'## #.......< #...# #...# #...#
#........ #...# #)).# #@).# #........ ####...# #...# #...# ###........
..###..###')'###..#####.'........ ##.≈≈≈≈≈≈≈...≈≈≈≈≈≈≈.#..#......†.
#.≈≈≈≈≈≈≈.).≈≈≈≈≈≈≈...##........ ##.≈≈≈≈≈≈...≈≈≈≈≈≈.#####......).
##.≈≈≈≈.....≈≈≈≈.## ######### ##.............## #. #######.###....# ######' Turn
23230 on D:13: !bestwep +..#........ ####...<.... #........ ## ######### ##. #..
#.. #.# #.# #####†# #####'## #...))) #....@># #..†... +......# #...... #......#
#...... #......##### #...... #......'...#####...... #......###.....'......
#.....)# #######...... #......# #..)=.. ######## ####### Turn 24734 on D:14:
!bestwep #..# ###..## #..... #.#... #.##.# #.##.# #.#########.##.#######
#.#...........@....!.. #.#.#######.###.#..... ##.#.## #.# .# .8. #.....######.#
.# . ##........#...# .# §§.....##.#.### D# §§..#.###.#.# .# §..##.###.#.# .#
######## #§###.##....#####. #..^.... Turn 25433 on D:15: !bestwep

Levels and vault maps discovered:
D:1:      eino_arrival_water_star, layout_rooms,
          hellmonk_ecumenical_altar_lost_god, chequers_garden, moated_statue,
          minmay_tiny_reverse_x
D:2:      layout_loops_ring, serial_shops, nicolae_shop_waterfront, basic_altar,
          uniq_crazy_yiuf_cottage, uniq_jessica, uniq_robin
D:3:      minmay_angry_zag, layout_rooms, lemuel_doored_altar, serial_shops,
          shop_statue, roderic_roman_lattice, uniq_pargi
D:4:      layout_basic, serial_bayou, serial_bayou_crossing,
          serial_bayou_shore_b, serial_bayou_lagoon_a, serial_bayou_pond_c,
          kennysheep_generic_room_8
D:5:      layout_basic, tso_metal_star, minmay_temple_entry_antechambers
D:6:      layout_cave_pods
D:7:      layout_loops_ring, mainiacjoe_overflow_small_starburst,
          kennysheep_little_box, mainiacjoe_overflow_cross_hatched,
          serial_shops, nicolae_lakefront_shop, solitary_fountain
D:8:      layout_basic, pf_just_have_faith, serial_shops,
          nicolae_shop_hallway_plus, nicolae_grassy_gnolls, uniq_joseph,
          uniq_pikel
D:9:      layout_rooms, xom_butterflies, mainiacjoe_overflow_paths
D:10:     layout_small_grid, fedhas_bush_and_centaur_altar,
          chequers_temple_overflow_statue_of_worship, lair_entry_dummy,
          enter_bailey_2, grunt_livestock, nicolae_water_bricks,
          grunt_decor_clamped
D:11:     layout_loops_ring, serial_shops, nicolae_shop_trees
D:12:     layout_loops_corners, item_on_display_a
D:13:     layout_roguey, grunt_vaults_entry_fortified, serial_shops, shop,
          uniq_rupert
D:14:     layout_roguey, gauntlet_entry_generic, hangedman_decor_slide_cut
D:15:     grunt_enter_depths_hoard, layout_loops_ring, grunt_dithmenos_smoke,
          serial_shops, shop, uniq_jorgrun
Temple:   corrupted_temple
Lair:1:   layout_loops_ring, gammafunk_ghost_necromancy
Lair:2:   layout_loops_ring, basic_altar, enter_volcano_2,
          bh_autumn_forest_stairs, grunt_megastairs_5, uniq_fannar
Lair:3:   nzn_winding_woodlands_cross [nzn_winding_woodlands_5x15_parted,
          nzn_winding_woodlands_5x15_lazy_stream,
          nzn_winding_woodlands_5x15_concentric,
          nzn_winding_woodlands_5x15_sawtooth,
          nzn_winding_woodlands_15x15_eel_pit], layout_regular_city,
          hellmonk_spider_entry_not_the_bees, nicolae_lair_grazing_beasts
          [nicolae_sub_lair_graze_edge, nicolae_sub_lair_graze_edge,
          nicolae_sub_lair_graze_edge, nicolae_sub_lair_graze_edge]
Lair:4:   layout_layer_cave, elwin_shoals_entry_rooms, dpeg_oklob_1,
          grunt_megastairs_2, serial_bayou_shore_a, infiniplex_staircase_pool,
          uniq_kirke
Lair:5:   layout_roguey, slime_altar_1, lemuel_fruit_fields, uniq_urug
Lair:6:   hangedman_lair_tendril_chambers, layout_cave_shapes,
          hangedman_lair_in_review
Spider:1: layout_spider_delve, special_room [special_room_bee],
          nicolae_spider_checkerboard
Spider:2: layout_spider_delve
Spider:3: nicolae_spider_hilbert_zone_7 [nicolae_spider_hilbert_4_sides_1_open,
          nicolae_spider_hilbert_4_sides_1_open,
          nicolae_spider_hilbert_4_sides_1_open,
          nicolae_spider_hilbert_4_sides_1_open,
          nicolae_spider_hilbert_3_sides_1_open,
          nicolae_spider_hilbert_3_sides_1_open,
          nicolae_spider_hilbert_3_sides_1_open,
          nicolae_spider_hilbert_3_sides_1_open,
          nicolae_spider_hilbert_4_sides_1_open,
          nicolae_spider_hilbert_4_sides_1_open,
          nicolae_spider_hilbert_4_sides_1_open,
          nicolae_spider_hilbert_2_sides_1_open,
          nicolae_spider_hilbert_2_sides_1_open,
          nicolae_spider_hilbert_2_sides_1_open,
          nicolae_spider_hilbert_2_sides_1_open,
          nicolae_spider_hilbert_2_sides_1_open,
          nicolae_spider_hilbert_2_sides_1_open]
Orc:1:    layout_diamond_mine, uniq_snorg, uniq_sonja
Orc:2:    st_orc_ogre_mass, layout_caves, nicolae_orc_bridge_out

Skill      XL: |  1  2  3  4  5  6  7  8  9 10 11 12 13 14 15 16 |
---------------+-------------------------------------------------+-----
Fighting       | 4 5 6 8 9 10 13 15 18 20 22 24 | 24.0
Maces & Flails | 4 5 6 7 10 12 14 16 18 20 | 20.0
Armour         | 3 5 6 8 10 12 | 12.0
Dodging        | 3 4 6 |  6.0
Throwing       | 1 2 3 5 7 9 11 12 | 12.0
Evocations     | 1 3 4 |  4.0

Action                   |  1- 3 |  4- 6 |  7- 9 | 10-12 | 13-15 | 16-18 || total
-------------------------+-------+-------+-------+-------+-------+-------++-------
Melee: Mace              |    10 |       |       |       |       |       ||    10
       Flail             |    30 |   147 |    48 |       |       |       ||   225
       Headbutt          |     7 |    18 |    42 |   118 |   261 |    82 ||   528
       Punch             |       |     1 |     4 |     6 |    13 |       ||    24
       Morningstar       |       |       |   205 |   447 |   941 |       ||  1593
       Trident           |       |       |       |    53 |       |       ||    53
       Great mace        |       |       |       |       |    53 |   403 ||   456
Throw: Stone             |       |    48 |    93 |   218 |   100 |    14 ||   473
       Dart              |       |       |       |       |     4 |     2 ||     6
       Boomerang         |       |       |       |       |     2 |       ||     2
Invok: Berserk           |       |     2 |     4 |     8 |     4 |       ||    18
       Trog's Hand       |       |       |     1 |     5 |    11 |     1 ||    18
       Brothers in Arms  |       |       |       |       |       |     1 ||     1
Evoke: Wand              |       |       |       |    14 |       |       ||    14
  Use: Scroll            |       |     8 |     5 |     6 |    16 |     8 ||    43
       Potion            |       |       |       |       |     2 |     2 ||     4
 Stab: Sleeping          |     1 |       |     2 |       |       |       ||     3
Armor: Animal skin       |     9 |    13 |       |       |       |       ||    22
       Ring mail         |       |    32 |   111 |   102 |       |       ||   245
       Scale mail        |       |       |       |    82 |       |       ||    82
       Plate armour      |       |       |       |   103 |   644 |   436 ||  1183
Dodge: Dodged            |    21 |    63 |   146 |   346 |   395 |   229 ||  1200
Block: Other             |       |       |       |     4 |       |       ||     4
